AoeStats
← Bruno

Oasis

508031389Analyzed
2v2 RM · 12d ago on Sep 20, 2026· 38m 46s· 4 players
Game mode
Random Map
Map size
Medium (4 player)
Population
200
Speed
Normal
Resources
Standard
Victory
Conquest
Starting age
Dark Age
Ending age
Imperial Age
RankedLock teamsTeams togetherTeam positionsShared explorationLock speedFull tech treeHidden civsTurbo modeCheats
Victory
Defeat
🇧🇷 Bulgarians · Brazil
966
+14
🇧🇷 Magyars · Brazil
953
+15
🇺🇸 Mongols · United States
933
-15
🇪🇸 Britons · Spain
915
-40
NachoFries4886
0:37 Loom
12:18 Feudal Age
18:43 Castle Age
17:55 Double-Bit Axe
18:02 Stone Mining
19:04 Gold Mining
33:02 Horse Collar
37:34 Bloodlines
37:25 Husbandry
Camilo970115
9:44 Feudal Age
10:23 Man-at-Arms
15:45 Double-Bit Axe
16:14 Gold Mining
18:02 Forging
18:34 Horse Collar
22:14 Scale Mail Armor
24:27 Wheelbarrow
28:13 Castle Age
29:49 Fletching
30:00 Padded Archer Armor
31:29 Bow Saw
35:33 Gold Shaft Mining
34:55 Stone Mining
35:45 Heavy Plow
35:47 Elite Skirmisher
36:29 Bodkin Arrow
36:50 Leather Archer Armor
38:07 Hand Cart
37:48 Pikeman
Bruno
6:32 Loom
9:45 Feudal Age
10:18 Double-Bit Axe
10:14 Horse Collar
15:44 Forging
15:35 Scale Mail Armor
17:48 Arson
19:54 Gold Mining
20:49 Fletching
22:44 Padded Archer Armor
23:49 Stone Mining
33:55 Castle Age
34:40 Gambesons
34:59 Squires
35:35 Bow Saw
35:27 Heavy Plow
37:59 Iron Casting
37:40 Chain Mail Armor
NiicKeD
7:04 Loom
9:35 Feudal Age
11:01 Double-Bit Axe
13:45 Horse Collar
21:26 Castle Age
21:29 Gold Mining
22:12 Bloodlines
22:13 Scale Barding Armor
23:05 Wheelbarrow
22:16 Town Watch
23:21 Bow Saw
23:28 Husbandry
26:55 Chain Barding Armor
27:15 Fletching
30:21 Heavy Plow
30:22 Crossbowman
31:08 Thumb Ring
31:06 Padded Archer Armor
35:15 Stone Mining
Connection lost

Rejoining the realm…

Still unreachable

The connection could not be restored.

Session expired

The server has moved on; the page needs a fresh start.